 Dungeon Crawl Stone Soup version 0.29.1-12-g30fa7ad0bf (webtiles) character file.

Game seed: 4421100044497509156

0 112233 the Digger (level 1, 0/11 HPs)
             Began as an Octopode Earth Elementalist on Dec 17, 2022.
             Succumbed to a goblin's poison
             ... on level 1 of the Dungeon.
             The game lasted 00:00:11 (99 turns).

112233 the Digger (Octopode Earth Elementalist)       Turns: 99, Time: 00:00:11

Health: 0/11       AC:  1    Str:  7    XL:     1   Next: 10%
Magic:  2/3        EV: 13    Int: 17    God:
Gold:   7          SH:  0    Dex: 12    Spells: 3/4 levels left

rFire   . . .      SeeInvis .   b - +0 whip
rCold   . . .      Faith    .   (no shield)
rNeg    . . .      Spirit   .   (helmet restricted)
rPois   .          Reflect  .   (no amulet)
rElec   .          Harm     .   (no ring)
rCorr   .          Rampage  .   (no ring)
Will    .....                   (no ring)
Stlth   +++.......              (no ring)
HPRegen 0.03/turn               (no ring)
MPRegen 0.08/turn               (no ring)
                                (no ring)
                                (no ring)

@: lethally poisoned (0 -> -12)
A: almost no armour, amphibious, 8 rings, camouflage 1, gelatinous body 1,
(nimble swimmer 1), tentacles
a: no special abilities


You were on level 1 of the Dungeon.
You visited 1 branch of the dungeon, and saw 1 of its levels.

You collected 7 gold pieces.

Inventory:

Hand Weapons
 b - a +0 whip (weapon)
Scrolls
 c - a scroll of blinking {unknown}
Potions
 a - a potion of magic


   Skills:
 + Level 2.0 Dodging
 + Level 2.7 Stealth
 + Level 2.0 Spellcasting
 + Level 1.0 Transmutations
 + Level 3.0 Earth Magic


You had 3 spell levels left.
You knew the following spells:

 Your Spells              Type           Power      Damage    Failure   Level
a - Sandblast             Erth           22%        2d7       5%          1

Your spell library contained the following spells:

 Spells                   Type           Power      Damage    Failure   Level
 Passwall                 Tmut/Erth      6%         N/A       13%         2
 Stone Arrow              Conj/Erth      12%        3d7       30%         3
 Petrify                  Tmut/Erth      8%         N/A       63%         4


Dungeon Overview and Level Annotations

Branches:
Dungeon (1/15)

Altars:


Innate Abilities, Weirdness & Mutations

You cannot wear most types of armour.
You are amphibious.
You can wear up to eight rings at the same time.
Your skin changes colour to match your surroundings (Stealth+).
Your rubbery body absorbs attacks. (AC +1, EV +1)
((You are camouflaged when in or above water. (Stealth+)))
You have tentacles for arms and can constrict up to eight enemies at once.


Message History

You can't see any susceptible monsters within range! (Use Z to cast anyway.) Unknown command.
Things that are here:
a +0 club; a stone; a kobold corpse You see here a +0 whip.
There are no items here.
You see here a +0 whip.
b - a +0 whip
b - a +0 whip (weapon)
Unknown command.
Magic restored.
HP restored.
Things that are here:
a +0 club; a stone; a kobold corpse
c - a scroll labelled WUSAIZILAN
Found an escape hatch in the floor.
You now have 7 gold pieces.
There is an escape hatch in the floor here.
Found a stone staircase leading down.
A goblin comes into view. It is wielding a +1 dagger of venom.
The goblin shouts!
A goblin is nearby!
A giant cockroach comes into view.
You see here a pink potion.
There are monsters nearby!
The goblin hits you with a +1 dagger of venom.
You are lethally poisoned!
You barely miss the goblin. Your grab misses the goblin.
Your squeeze misses the goblin.
* * * LOW HITPOINT WARNING * * *
You feel very sick. The goblin misses you.
Casting: Sandblast (safe; 5% risk of failure)
Confirm with . or Enter, or press ? or * to list all spells.
Aiming: Sandblast (safe; 5% risk of failure)
Press: ? - help, Shift-Dir - straight line, f - goblin
Aim: a goblin, wielding a +1 dagger of venom (77% to hit)
The blast of sand hits the goblin!
You kill the goblin!
You die...

###........... ..#...
............... #.....
+...#.......#... #.....
#..###.....###.. #.....
#...#.......#..#
#.....##..............#
#............<#......#
#B).#......###.....#
####..@#.......#>.....#
+.......!..............#
#######.....#.......#..#
#....###.....###.#
#>....#.......# .#
#.#..............#
#.#...........###
#.#.########### #.#.#


You could see a giant cockroach.

Vanquished Creatures
  A goblin (D:1)
  A kobold (D:1)
2 creatures vanquished.

Notes
Turn   | Place    | Note
-------+----------+-------------------------------------------
     0 | D:1      | 112233 the Octopode Earth Elementalist began the quest for
                  | the Orb.
     0 | D:1      | Reached XP level 1. HP: 11/11 MP: 3/3
    99 | D:1      | Succumbed to a goblin's poison

Illustrated notes

Levels and vault maps discovered:
D:1:      minmay_arrival_five_plusses, layout_basic,
          shapermc_ecumenical_altar_venn, kennysheep_another_room,
          wad_floor_pattern_untrapped

Action                   || total
-------------------------++-------
Melee: Whip              ||     1
 Cast: Sandblast         ||     3
Dodge: Dodged            ||     1
